 Dungeon Crawl Stone Soup version 0.17-a0-1468-gbf503c2 (webtiles) character file.

81 pulse the Chopper (level 4, 0/37 HPs)
             Began as a Formicid Berserker on July 1, 2015.
             Was a Believer of Trog.
             Killed by nerve-wracking pain
             ... invoked by Sirial's ghost
              (11 damage)
             ... on level 3 of the Dungeon.
             The game lasted 00:02:45 (1270 turns).

pulse the Chopper (Formicid Berserker)              Turns: 1270, Time: 00:02:45

Health: 0/37       AC: 12    Str: 22    XL:     4   Next: 67%
Magic:  4/4        EV:  4    Int:  7    God:    Trog [**....]
Gold:   143        SH:  8    Dex: 10    Spells: 0 memorised, 3 levels left

rFire  . . .     SeeInvis +     e - +0 mace (drain)
rCold  . . .     Clarity  .     f - +0 plate armour
rNeg   . . .     SustAt   .     m - +0 shield (curse)
rPois  .         Gourm    .     (helmet unavailable)
rElec  .         Spirit   .     (no cloak)
rCorr  .         Warding  .     j - +0 pair of gloves
rMut   .         Stasis   +     (no boots)
MR     .....                    (no amulet)
Stlth  ..........               (no ring)
                                (no ring)

@: very slightly contaminated, invisible, not resistant to hostile enchantments,
extremely unstealthy
A: permanent stasis, dig shafts and tunnels, four strong arms, antennae 3
a: Dig, Shaft Self, Burn Spellbooks, Trog's Hand, Renounce Religion


You were on level 3 of the Dungeon.
You worshipped Trog.
Trog was pleased with you.
You were not hungry.

You visited 1 branch of the dungeon, and saw 3 of its levels.

You collected 143 gold pieces.

Inventory:

Hand weapons
 a - a +0 hand axe
 e - a +0 mace of draining (weapon)
Armour
 f - a +0 plate armour (worn)
 j - a +0 pair of gloves (worn)
 m - a cursed +0 shield (worn)
Scrolls
 b - a scroll of teleportation {unknown}
 g - 5 scrolls of identify {unknown}
 l - a scroll of immolation {unknown}
 n - a scroll of magic mapping {unknown}
Potions
 d - a potion of heal wounds {unknown}
 p - 2 potions of curing
Books
 q - a book of Spatial Translocations

   Spells                             Type                      Level
   a - Apportation                    Translocation                1
   b - Blink                          Translocation                2
   c - Shroud of Golubria             Charms/Translocation         2
   d - Portal Projectile              Translocation                3
   e - Teleport Other                 Translocation                3
   f - Passage of Golubria            Translocation                4
   Trog disapproves of the use of such an item.
Comestibles
 c - 3 bread rations
 h - 7 fruits
 i - a meat ration
 o - a chunk of flesh


   Skills:
 + Level 3.7 Fighting
 * Level 4.3 Axes
 + Level 2.6 Armour
 - Level 1.9 Dodging
 + Level 0.8 Shields


You had 3 spell levels left.
You didn't know any spells.

Dungeon Overview and Level Annotations

Branches:
Dungeon (3/15)

Altars:
Okawaru
Vehumet
Yredelemnul

Annotations:
D:3 Sirial's ghost, average DsNe


Innate Abilities, Weirdness & Mutations

You are under a permanent stasis effect.
You can dig through walls and to a lower floor.
Your four strong arms can wield two-handed weapons with a shield.
You have a pair of large antennae on your head (SInv).


Message History

You strike the helpless Sirial's ghost from behind!
You hit Sirial's ghost but do no damage.
Sirial's ghost is heavily damaged.
You block Sirial's ghost's attack.
Your plate armour prevents you from hitting Sirial's ghost.
Sirial's ghost is heavily damaged.
Sirial's ghost casts a spell at you.
You barely resist. Sirial's ghost hits you.
* * * LOW HITPOINT WARNING * * *
You hit Sirial's ghost but do no damage.
Sirial's ghost is heavily damaged.
Sirial's ghost hits you but does no damage.
You miss Sirial's ghost.
Sirial's ghost is heavily damaged.
Sirial's ghost hits you but does no damage.
You closely miss Sirial's ghost.
Sirial's ghost is heavily damaged.
Sirial's ghost gestures at you while chanting.
Pain shoots through your body!
You die...

####### ###......
######## #........
####.....$# ##._..[...
... .....# #.........
#.. #...# #....⌠....
##.###..####.........
..$#...#............._..
....._W@................
...#...#...######......#
##.###..# #......# #..
#..## ##.....# ... ....#
{ #.....# #......###
#.....# +...... +......
###.... #.....# #...
#.....#


You could see Sirial's ghost.

Vanquished Creatures
  A worker ant (D:3)
  An adder (D:3)
  A giant gecko (D:3)
  10 bats
  2 giant cockroaches
  8 goblins
  5 hobgoblins
  3 jackals (D:3)
  A quokka (D:2)
  A ball python (D:2)
  A giant newt (D:1)
  4 kobolds
  6 rats (D:1)
44 creatures vanquished.

Vanquished Creatures (others)
  4 toadstools (D:1)
4 creatures vanquished.

Grand Total: 48 creatures vanquished

Notes
Turn   | Place    | Note
--------------------------------------------------------------
     0 | D:1      | pulse the Formicid Berserker began the quest for the Orb.
     0 | D:1      | Reached XP level 1. HP: 18/18 MP: 1/1
    81 | D:1      | Reached XP level 2. HP: 13/24 MP: 2/2
   380 | D:1      | Acquired Trog's second power
   718 | D:2      | Reached XP level 3. HP: 29/29 MP: 3/3
  1103 | D:3      | Reached skill level 4 in Axes
  1183 | D:3      | Reached XP level 4. HP: 35/37 MP: 4/4
  1203 | D:3      | Found a basalt altar of Yredelemnul.
  1206 | D:3      | Found an iron altar of Okawaru.
  1232 | D:3      | Found a radiant altar of Vehumet.
  1239 | D:3      | Noticed Sirial's ghost (average DsNe)
  1270 | D:3      | Killed from afar by Sirial's ghost

Vault maps used:
D:1:      ldierk_water_garden
D:3:      vehumet_crystals, grunt_temple_overflow_open, first_bread,
          grunt_ashenzari_visionary

Action                   |  1- 3 |  4- 6 || total
-------------------------+-------+-------++-------
Melee: Hand axe          |    28 |       ||    28
       Mace              |    65 |    30 ||    95
  Use: Potion            |       |     2 ||     2
 Stab: Invisible         |       |     2 ||     2
  Eat: Chunk             |     1 |       ||     1
